 Seeded DCSS version 0.30-a0-1008-g30c9307041 (webtiles) character file.

Game seed: 1693687896963549217 (custom seed)

2118 qeuew the Poker (level 9, -2/66 (70) HPs)
             Began as a Gnoll Reaver on Apr 5, 2023.
             Was a Follower of Vehumet.
             Slain by a wight
             ... wielding a +0 flail
              (8 damage)
             ... on level 5 of the Dungeon.
             The game lasted 00:08:32 (5564 turns).

qeuew the Poker (Gnoll Reaver)                      Turns: 5564, Time: 00:08:33

HP:   -2/66 (70)    AC:  3    Str: 32    XL:     9   Next: 29%
MP:   27/28         EV: 14    Int: 12    God:    Vehumet [*.....]
Gold: 283           SH:  0    Dex: 12    Spells: 19/21 levels left

rFire   + . .      SeeInvis .    a - +1 demon trident of Wyrd {venom, *Noise rC+ Str+7}
rCold   + . .      Faith    +    (no shield)
rNeg    . . .      Spirit   .    m - +0 leather armour {rPois}
rPois   +          Reflect  .    (no helmet)
rElec   .          Rampage  .    (no cloak)
rCorr   +                        (no gloves)
Will    .....                    (no boots)
Stlth   ++                       l - amulet of the Sunfish {Faith Drain Fly MP+9 Str+6}
HPRegen 0.31/turn                d - +6 ring of strength
MPRegen 0.21/turn                r - ring of resist corrosion

@: flying, drained
A: fangs 1, strong nose, distributed training, clumsy 1, fire resistance 1
a: Renounce Religion


You were on level 5 of the Dungeon.
You worshipped Vehumet.
Vehumet was aware of your devotion.
You visited 2 branches of the dungeon, and saw 7 of its levels.

You collected 283 gold pieces.

Inventory:

Hand Weapons
 a - the +1 demon trident of Wyrd (weapon) {venom, *Noise rC+ Str+7}
   (You acquired it on level 1 of the Dungeon)

   Str:       It affects your strength (+7).
   rC:        It protects you from cold.
   *Noise:    It may make noises in combat.
Armour
 m - a +0 leather armour of poison resistance (worn)
Jewellery
 d - a +6 ring of strength (left hand)
 l - the amulet of the Sunfish (around neck) {Faith Drain Fly MP+9 Str+6}
   (You found it on level 4 of the Dungeon)

   [amulet of faith]

   It allows you to gain divine favour quickly.
   Str:       It affects your strength (+6).
   MP:        It affects your magic capacity (+9).
   Fly:       It grants you flight.
   Drain:     It drains your maximum health when unequipped.
 r - a ring of resist corrosion (right hand)
Wands
 f - a wand of light (5)
 n - a wand of polymorph (7)
 o - a wand of flame (17)
Scrolls
 c - 3 scrolls of teleportation
 j - a scroll of enchant armour
 k - a scroll of identify
Potions
 e - 6 potions of curing
 g - a potion of magic
 h - 2 potions of might


   Skills:
 + Level 6.3 Fighting
 + Level 4.2 Short Blades
 + Level 4.2 Long Blades
 + Level 4.2 Axes
 + Level 4.2 Maces & Flails
 + Level 7.9 Polearms
 + Level 4.2 Staves
 + Level 4.2 Ranged Weapons
 + Level 4.2 Throwing
 + Level 4.2 Armour
 + Level 6.3 Dodging
 + Level 4.2 Stealth
 + Level 4.2 Shields
 + Level 4.2 Unarmed Combat
 + Level 6.6 Spellcasting
 + Level 6.5 Conjurations
 + Level 3.5 Hexes
 + Level 3.5 Summonings
 + Level 3.5 Necromancy
 + Level 3.5 Translocations
 + Level 3.5 Transmutations
 + Level 3.5 Fire Magic
 + Level 3.5 Ice Magic
 + Level 3.5 Air Magic
 + Level 3.5 Earth Magic
 + Level 3.5 Poison Magic
 + Level 4.7 Invocations
 + Level 4.2 Evocations


You had 19 spell levels left.
You knew the following spells:

 Your Spells              Type           Power      Damage    Failure   Level
a - Kiss of Death         Conj/Necr      64%        2d10      2%          1
b - Shock                 Conj/Air       64%        1d7       2%          1

Your spell library contained the following spells:

 Spells                   Type           Power      Damage    Failure   Level
 Momentum Strike          Conj/Tloc      32%        3d8       3%          2
 Beastly Appendage        Tmut           24%        N/A       4%          1
 Lesser Beckoning         Tloc           24%        N/A       7%          2
 Wereblood                Tmut           12%        N/A       7%          2
 Hailstorm                Conj/Ice       16%        3d6       7%          3
 Gell's Gravitas          Tloc           12%        N/A       13%         3
 Ignite Poison            Fire/Tmut/Pois 12%        N/A       13%         3
 Portal Projectile        Hex/Tloc       24%        N/A       13%         3
 Spider Form              Tmut/Pois      12%        N/A       13%         3
 Teleport Other           Tloc           12%        N/A       13%         3
 Tukima's Dance           Hex            12%        N/A       13%         3
 Sticky Flame             Conj/Fire      16%        2d4       24%         4
 Blade Hands              Tmut           6%         N/A       77%         5
 Ignition                 Fire           6%         3d4       100%        8


Dungeon Overview and Level Annotations

Branches:
Dungeon (6/15)             Temple (1/1) D:4

Altars:
Ashenzari
Dithmenos
Elyvilon
Fedhas
Hepliaklqana
Kikubaaqudgha
Makhleb
Qazlal
Ru
Trog
Uskayaw
Vehumet
Wu Jian
Xom
Yredelemnul
Zin
The Shining One

Shops:
D:4 !   D:5 [

Annotations:
D:4 2 runed translucent doors, pigah's ghost, amateur OpAE
Temple 2 transporters


Innate Abilities, Weirdness & Mutations

You have very sharp teeth.
Your uncanny sense of smell can sniff out nearby items.
Your experience applies equally to all skills.
You are clumsy. (Dex -2)
Your flesh is heat resistant. (rF+)


Message History

You closely miss the wight. The wight closely misses you. x2
You hit the wight but do no damage. You puncture the wight!
Your bite misses the wight.
The wight is almost destroyed.
The wight barely misses you. The wight misses you.
You hit the wight but do no damage.
The wight is almost destroyed.
The wight barely misses you. The wight hits you with a +0 dagger.
You puncture the wight!
You destroy the wight!
Vehumet accepts your kill.
The wight hits you with a +4 short sword!
You feel drained.
Things that are here:
a +0 dagger; a +0 robe You puncture the wight!
The wight is heavily damaged.
The wight hits you with a +4 short sword.
You feel drained.
You hit the wight.
The wight is severely damaged.
The wight hits you but does no damage.
You hit the wight but do no damage.
The wight is severely damaged.
The wight hits you with a +4 short sword.
You puncture the wight!
You destroy the wight!
Vehumet accepts your kill.
You closely miss the wight. The wight hits you with a +0 flail!
* * * LOW HITPOINT WARNING * * *
You puncture the wight!
The wight is almost destroyed.
The wight hits you with a +0 flail.
* * * LOW HITPOINT WARNING * * *
You feel drained.
* * * LOW HITPOINT WARNING * * *
You hit the wight.
The wight is almost destroyed.
The wight hits you with a +0 flail!
You die...

###...#..#[..#
#.##.....#
#.....#..###.#
#.########
..#....†..##.# ######.#
.......##.##.###......#
..#.....#..#..##.####.#
#..#.†..##.##.##.# #.#
#..#..#.......##.# #.#
##.#..#...######z# #<#
.#......####.###@####.#
.##...### #.......##.#
....### ####.......#
##### #..#.####
######## ##..#.#
.......#######...#.#
###..........#.###.#
###.##.#######.# #.#
............##.# #.#


You could see a wight.

Vanquished Creatures
  Menkaure (D:4)
  A water moccasin (D:6)
  5 ice beasts
  A black bear (D:5)
  3 ogres
  Blork the orc (D:4)
  4 scorpions
  3 wights
  2 jellies
  A hound (D:6)
  3 orc priests
  2 sleepcaps
  3 orc wizards (D:6)
  5 iguanas
  Robin (D:3)
  5 adders
  3 white imps
  A worm (D:5)
  5 dart slugs
  13 orcs
  5 bats
  5 endoplasms
  6 giant cockroaches
  16 goblins
  14 hobgoblins
  3 jackals
  6 quokkas
  9 ball pythons
  2 frilled lizards (D:3)
  11 kobolds
  7 rats
147 creatures vanquished.

Vanquished Creatures (others)
  A plant (D:2)
1 creature vanquished.

Grand Total: 148 creatures vanquished

Notes
Turn   | Place    | Note
-------+----------+-------------------------------------------
     0 | D:1      | qeuew the Gnoll Reaver began the quest for the Orb.
     0 | D:1      | Reached XP level 1. HP: 20/20 MP: 6/6
   100 | D:1      | Reached XP level 2. HP: 22/26 MP: 7/7
   126 | D:1      | You fall into a shaft and drop 1 floor!
   326 | D:1      | Reached skill level 5 in Spellcasting
   326 | D:1      | Reached XP level 3. HP: 31/31 MP: 7/9
   622 | D:1      | Identified 2 scrolls of acquirement
   622 | D:1      | Acquired a +4 bardiche of flaming
   626 | D:1      | Acquired the +1 demon trident of Wyrd {venom, *Noise rC+
                  | Str+7}
   723 | D:2      | Reached skill level 1 in Invocations
   838 | D:2      | Reached skill level 1 in Short Blades
   838 | D:2      | Reached skill level 1 in Long Blades
   838 | D:2      | Reached skill level 1 in Axes
   838 | D:2      | Reached skill level 1 in Maces & Flails
   838 | D:2      | Reached skill level 1 in Staves
   838 | D:2      | Reached skill level 1 in Ranged Weapons
   838 | D:2      | Reached skill level 1 in Throwing
   838 | D:2      | Reached skill level 1 in Armour
   838 | D:2      | Reached skill level 1 in Stealth
   838 | D:2      | Reached skill level 1 in Shields
   838 | D:2      | Reached skill level 1 in Unarmed Combat
   838 | D:2      | Reached skill level 1 in Evocations
  1003 | D:2      | Reached XP level 4. HP: 38/38 MP: 11/11
  1862 | D:3      | Reached skill level 1 in Hexes
  1862 | D:3      | Reached skill level 1 in Summonings
  1862 | D:3      | Reached skill level 1 in Necromancy
  1862 | D:3      | Reached skill level 1 in Translocations
  1862 | D:3      | Reached skill level 1 in Transmutations
  1862 | D:3      | Reached skill level 1 in Fire Magic
  1862 | D:3      | Reached skill level 1 in Ice Magic
  1862 | D:3      | Reached skill level 1 in Air Magic
  1862 | D:3      | Reached skill level 1 in Earth Magic
  1862 | D:3      | Reached skill level 1 in Poison Magic
  1872 | D:3      | Reached XP level 5. HP: 21/43 MP: 12/12
  2010 | D:3      | Identified the +5 triple crossbow "Umaom" {antimagic,
                  | Fragile rElec rPois}
  2261 | D:3      | Noticed Robin
  2283 | D:3      | Killed Robin
  2573 | D:3      | Gained mutation: Your flesh is cold resistant. (rC+)
                  | [potion of mutation]
  2573 | D:3      | Gained mutation: You are clumsy. (Dex -2) [potion of
                  | mutation]
  2689 | D:4      | Found a large runed translucent door.
  2689 | D:4      | Found a large runed translucent door.
  2693 | D:4      | Noticed pigah's ghost (amateur OpAE)
  2719 | D:4      | Found a shimmering altar of Xom.
  2778 | D:4      | Found Lif Entos's Distillery.
  2852 | D:4      | Found a staircase to the Ecumenical Temple.
  2867 | Temple   | Entered the Ecumenical Temple
  2867 | Temple   | Found a transporter.
  2867 | Temple   | Found a transporter.
  2869 | Temple   | Found a transporter.
  2869 | Temple   | Found a transporter.
  2886 | Temple   | Became a worshipper of Vehumet
  3012 | D:4      | Found a blossoming altar of Fedhas.
  3063 | D:4      | Noticed Blork the orc
  3074 | D:4      | Killed Blork the orc
  3075 | D:4      | Reached skill level 5 in Fighting
  3075 | D:4      | Reached skill level 5 in Dodging
  3075 | D:4      | Reached XP level 6. HP: 39/51 MP: 14/14
  3132 | D:4      | Noticed Menkaure
  3135 | D:4      | Killed Menkaure
  3169 | D:4      | Found a stormy altar of Qazlal.
  3170 | D:4      | Identified the amulet of the Sunfish {Faith Drain Fly MP+9
                  | Str+6}
  3357 | D:4      | Noticed an ice beast
  3367 | D:4      | Killed an ice beast
  3368 | D:4      | Reached skill level 7 in Polearms
  3368 | D:4      | Reached XP level 7. HP: 52/56 MP: 15/15
  3403 | D:4      | Found a burning altar of Makhleb.
  3408 | D:4      | Found a glowing silver altar of Zin.
  3408 | D:4      | Noticed a cacodemon
  3409 | D:4      | Noticed an angel
  3762 | D:4      | Lost mutation: Your flesh is cold resistant. (rC+) [potion
                  | of mutation]
  3762 | D:4      | Lost mutation: You are clumsy. (Dex -2) [potion of
                  | mutation]
  3762 | D:4      | Gained mutation: Your flesh is heat resistant. (rF+)
                  | [potion of mutation]
  3762 | D:4      | Gained mutation: You are clumsy. (Dex -2) [potion of
                  | mutation]
  3772 | D:5      | Entered Level 5 of the Dungeon
  3909 | D:5      | Reached * piety under Vehumet
  3909 | D:5      | Offered knowledge of Shock by Vehumet.
  4068 | D:5      | Reached XP level 8. HP: 63/63 MP: 16/16
  4131 | D:5      | Found Ritzut's Armour Shop.
  4261 | D:5      | Found a shadowy altar of Dithmenos.
  4919 | D:6      | Learned a level 1 spell: Shock
  5114 | D:6      | Reached XP level 9. HP: 69/69 MP: 18/18
  5564 | D:5      | Slain by a wight

Illustrated notes

Levels and vault maps discovered:
D:1:      minmay_arrival_semitransparent, layout_rooms, minmay_small_reverse_x
D:2:      layout_loops_ring, serial_forest, infiniplex_forest_lined_corner,
          infiniplex_forest_clump_C, infiniplex_forest_clump_medium,
          infiniplex_forest_straight_2, infiniplex_forest_lined_2,
          serial_bayou_ford_a, kennysheep_generic_room_10
D:3:      layout_basic, uniq_robin
D:4:      minmay_opposing_rooms, layout_loops_ring,
          grunt_temple_overflow_order_and_chaos_2, lemuel_crystal_altar,
          tgw_xom, mainiacjoe_overflow_boulevard, minmay_temple_entry_slanted,
          serial_shops, kennysheep_little_box, ebering_ghost_disaster_area,
          nicolae_underground_beach, uniq_blork_the_orc, uniq_menkaure
D:5:      minmay_skewed_foursquare, layout_loops_ring,
          nicolae_dithmenos_shadow_blocks, serial_shops, nicolae_lakefront_shop,
          corner_web_ring, nrook_loot_triangle, minmay_misc_feat_alley,
          st_stairs_3
D:6:      layout_rooms, nemelex_dance_club_becter, okawaru_trees_1,
          serial_shops, nicolae_shop_crystal
Temple:   hellmonk_temple_divided_pantheon

Skill      XL: |  1  2  3  4  5  6  7  8 |
---------------+-------------------------+-----
Spellcasting   | 5 6 |  6.6
Invocations    | 1 2 3 4 |  4.7
Short Blades   | 1 2 3 4 |  4.2
Long Blades    | 1 2 3 4 |  4.2
Axes           | 1 2 3 4 |  4.2
Maces & Flails | 1 2 3 4 |  4.2
Staves         | 1 2 3 4 |  4.2
Ranged Weapons | 1 2 3 4 |  4.2
Throwing       | 1 2 3 4 |  4.2
Armour         | 1 2 3 4 |  4.2
Stealth        | 1 2 3 4 |  4.2
Shields        | 1 2 3 4 |  4.2
Unarmed Combat | 1 2 3 4 |  4.2
Evocations     | 1 2 3 4 |  4.2
Hexes          | 1 2 3 |  3.5
Summonings     | 1 2 3 |  3.5
Necromancy     | 1 2 3 |  3.5
Translocations | 1 2 3 |  3.5
Transmutations | 1 2 3 |  3.5
Fire Magic     | 1 2 3 |  3.5
Ice Magic      | 1 2 3 |  3.5
Air Magic      | 1 2 3 |  3.5
Earth Magic    | 1 2 3 |  3.5
Poison Magic   | 1 2 3 |  3.5
Fighting       | 5 6 |  6.3
Dodging        | 5 6 |  6.3
Polearms       | 7 |  7.9
Conjurations   | 6 |  6.5

Action                     |  1- 3 |  4- 6 |  7- 9 || total
---------------------------+-------+-------+-------++-------
  Melee: Spear             |    85 |       |       ||    85
         Bite              |     7 |     4 |    11 ||    22
         Punch             |     2 |     2 |       ||     4
         Demon trident     |    25 |   124 |   136 ||   285
   Cast: Shock             |       |       |    40 ||    40
    Use: Scroll            |     7 |     4 |     6 ||    17
         Potion            |     3 |     2 |     3 ||     8
   Stab: Sleeping          |     3 |     1 |     5 ||     9
 Armour: Leather armour    |    12 |    23 |    18 ||    53
  Dodge: Dodged            |    32 |    52 |    61 ||   145

Table legend: (Time is in decaauts)
 A = Elapsed time spent in this place.
 B = Non-inter-level travel time spent in this place.
 C = Inter-level travel time spent in this place.
 D = Time resting spent in this place.
 E = Time spent auto-exploring this place.
 F = Levels seen in this place.
 G = Mean time per level.
                   A        B        C        D        E       F      G
               +--------+--------+--------+--------+--------+-----+--------+
         Total |   5555 |   5356 |    199 |    168 |   4290 |   7 |  793.6 |
       Dungeon |   5510 |   5311 |    199 |    168 |   4290 |   6 |  918.3 |
        Temple |     44 |     44 |      0 |      0 |      0 |   1 |   44.0 |
               +--------+--------+--------+--------+--------+-----+--------+

Top non-repeatable levels by time:
     D:5: 1116 daAuts
     D:3: 1103 daAuts
     D:4: 1055 daAuts
     D:2: 920 daAuts
     D:6: 667 daAuts
     D:1: 647 daAuts
  Temple: 44 daAuts
